 Dungeon Crawl Stone Soup version 0.28-a0-704-g4d584c6bc1 (webtiles) character file.

Game seed: 4503365122224488035

9928 MacCMillion the Destroyer (level 11, -2/92 HPs)
             Began as a Demigod Conjurer on Oct 23, 2021.
             Slain by a cane toad (15 damage)
             ... on level 1 of the Lair of Beasts on Oct 24, 2021.
             The game lasted 01:05:54 (14474 turns).

MacCMillion the Destroyer (Demigod Conjurer)       Turns: 14474, Time: 01:05:55

Health: -2/92      AC: 11    Str: 14    XL:     11   Next: 8%
Magic:  14/24      EV: 12    Int: 32    God:
Gold:   554        SH:  5    Dex: 14    Spells: 2/22 levels left

rFire   . . .      SeeInvis .   y - +3 quarterstaff (vorpal)
rCold   . . .      Faith    .   (shield currently unavailable)
rNeg    . . .      Spirit   .   L - +0 steam dragon scales
rPois   .          Reflect  +   A - +2 hat {Will+}
rElec   .          Harm     .   v - +2 cloak
rCorr   .          Rampage  .   (no gloves)
Will    ++...                   h - +0 pair of boots
Stlth   ++........              b - amulet of reflection
HPRegen 0.25/turn               g - ring of wizardry
MPRegen 0.19/turn               x - ring "Cat Mas" {Str+6 Dex+2}

@: lethally poisoned (-2 -> -10), studying Axes
A: high mp 1, forlorn
a: no special abilities


You were on level 1 of the Lair of Beasts.
You visited 2 branches of the dungeon, and saw 12 of its levels.

You collected 554 gold pieces.

Inventory:

Hand Weapons
 d - a +0 dagger
 i - a +1 dagger of speed
 y - a +3 vorpal quarterstaff (weapon)
Missiles
 j - a throwing net
 D - 5 atropa-tipped darts
Armour
 a - a +0 robe
 h - a +0 pair of boots (worn)
 v - a +2 cloak (worn)
 A - a +2 hat of willpower (worn)
 I - a +0 buckler
 L - +0 steam dragon scales (worn)
Jewellery
 b - an amulet of reflection (around neck)
 g - a ring of wizardry (left hand)
 x - the ring "Cat Mas" (right hand) {Str+6 Dex+2}
   (You found it on level 7 of the Dungeon)

   [ring of strength]

   Str:       It affects your strength (+6).
   Dex:       It affects your dexterity (+2).
 E - a ring of willpower
 H - a ring of resist corrosion
Wands
 k - a wand of flame (13)
 m - a wand of mindburst (6)
 C - a wand of digging (8)
 J - a wand of iceblast (5)
 K - a wand of polymorph (11)
Scrolls
 e - 3 scrolls of magic mapping
 l - a scroll of noise
 s - 3 scrolls of enchant armour {unknown}
 t - 2 scrolls of identify
 M - a scroll of amnesia
Potions
 c - 2 potions of flight
 f - 4 potions of degeneration
 n - a potion of magic
 F - a potion of heal wounds {unknown}
 G - 2 potions of lignification {unknown}


   Skills:
 * Level 7.0 Fighting
 - Level 3.2 Staves
 - Level 1.8 Dodging
 - Level 2.0 Stealth
 + Level 6.3 Spellcasting
 - Level 9.0 Conjurations
 - Level 3.0 Hexes
 - Level 6.0 Summonings
 + Level 2.0 Transmutations
 + Level 6.2 Poison Magic


You had 2 spell levels left.
You knew the following spells:

 Your Spells              Type           Power      Damage    Failure   Level
a - Olgreb's Toxic Radia  Pois           50%        N/A       1%          4
b - Searing Ray           Conj           100%       2d8       1%          2
c - Fulminant Prism       Conj/Hex       24%        3d13      1%          4
d - Iskenderun's Mystic   Conj/Tloc      39%        2d9       2%          4
e - Summon Guardian Gole  Hex/Summ       39%        N/A       1%          3
f - Ignite Poison         Fire/Tmut/Pois 27%        N/A       1%          3

Your spell library contained the following spells:

 Spells                   Type           Power      Damage    Failure   Level
 Magic Dart               Conj           100%       1d8       1%          1
 Sting                    Tmut/Pois      100%       1d8       1%          1
 Summon Small Mammal      Summ           100%       N/A       1%          1
 Poisonous Vapours        Pois/Air       60%        N/A       1%          2
 Call Canine Familiar     Summ           48%        N/A       1%          3
 Conjure Flame            Conj/Fire      39%        6-21      1%          3
 Dazzling Flash           Conj/Hex       96%        N/A       1%          3
 Sticky Flame             Conj/Fire      39%        2d6       2%          4
 Frozen Ramparts          Ice            20%        1d4       5%          3
 Gell's Gravitas          Tloc           5%         N/A       5%          3
 Lesser Beckoning         Tloc           10%        N/A       5%          3
 Teleport Other           Tloc           10%        N/A       5%          3
 Summon Ice Beast         Ice/Summ       29%        N/A       5%          4
 Alistair's Intoxication  Tmut/Pois      24%        N/A       9%          5
 Ice Form                 Ice/Tmut       16%        N/A       12%         4
 Borgnjor's Vile Clutch   Necr/Erth      5%         N/A       43%         5
 Eringya's Noxious Bog    Tmut/Pois      18%        N/A       43%         6


Dungeon Overview and Level Annotations

Branches:
Dungeon (11/15)            Temple (0/1) D:6            Lair (1/6) D:11
    Orc: D:9-12

Shops:
D:7 (

Annotations:
D:2 Sigmund
D:5 1 runed translucent door


Innate Abilities, Weirdness & Mutations

Your attributes grow dramatically as you level up.
You have an increased reservoir of magic. (+10% MP)
You shall have no god before yourself.


Message History

Confirm with . or Enter, or press ? or * to list all spells.
Aiming: Fulminant Prism (mildly dangerous; 1% risk of failure)
Press: ? - help, Dir - move target You conjure a prism of explosive energy!
A fulminant prism comes into view.
Your fulminant prism crackles loudly.
The cane toad stings your fulminant prism!
A water moccasin comes into view.
The cane toad stings your fulminant prism!
Your fulminant prism explodes!
The blast of energy engulfs the cane toad!!
The cane toad is heavily wounded.
The cane toad barely misses you.
You hit the cane toad.
The cane toad is heavily wounded.
The cane toad closely misses you.
You hit the cane toad but do no damage.
The cane toad is heavily wounded.
The cane toad stings you! The cane toad barely misses you.
You hit the cane toad.
The cane toad is severely wounded.
The cane toad stings you!
* * * LOW HITPOINT WARNING * * *
You are poisoned.
The cane toad poisons you!
Okay, then.
Casting: Fulminant Prism (mildly dangerous; 1% risk of failure)
Confirm with . or Enter, or press ? or * to list all spells.
Aiming: Searing Ray (safe; 1% risk of failure)
Press: ? - help, Shift-Dir - straight line, f - cane toad
Aim: a cane toad (severely wounded, 85% to hit)
The searing ray hits the cane toad.
The cane toad is severely wounded. (Press . to maintain the ray.)
You feel very sick. You block the cane toad's attack.
The searing ray misses the cane toad.
You feel very sick. The cane toad stings you!
You die...

##.... .# .... ..# ..
#.## ..#...
...###'.#####..#..
........<........####
..........†..........
...........°.........
.....................
.........F@......##
.......#######...#
......# ...# .....
...# ... ...# ....
....# ...S#


You could see a cane toad.

Vanquished Creatures
  A hornet (D:10)
  3 trolls
  6 yaks
  2 wyverns
  2 steam dragons (D:10)
  Menkaure (D:7)
  3 vampire mosquitoes (D:11)
  An acid dragon (D:9)
  5 water moccasins
  An orc warrior (D:10)
  3 ogres (D:5)
  2 black bears
  An ice beast (D:8)
  5 necrophages
  A centaur (D:9)
  2 kobold brigands (D:10)
  5 bullfrogs
  7 scorpions
  A wyvern skeleton (D:6)
  7 killer bees
  4 wights (D:9)
  4 howler monkeys
  An electric eel (D:7)
  5 centaur zombies
  3 jellies
  2 hounds (D:6)
  2 gnoll shamans
  3 orc priests
  A bullfrog skeleton (D:5)
  9 orc wizards
  A hound zombie (D:5)
  A howler monkey zombie (D:5)
  9 gnolls
  5 adders
  A shadow imp (D:6)
  A white imp (D:6)
  An adder skeleton (D:5)
  3 dart slugs
  27 orcs
  2 endoplasms
  3 giant cockroaches
  8 hobgoblins
  2 jackals (D:5)
  13 kobolds
  3 quokkas
  5 ball pythons
  15 bats
  3 frilled lizards
  3 goblins (D:3)
  7 rats
206 creatures vanquished.

Vanquished Creatures (collateral kills)
  Gastronok (D:8)
  A gargoyle (D:11)
  A killer bee zombie (D:6)
  A shadow imp (D:6)
4 creatures vanquished.

Vanquished Creatures (others)
  A hydra (Lair:1)
  A wraith (D:11)
  2 yaks (D:9)
  A wyvern (D:11)
  A killer bee (D:9)
  A wight (D:9)
  27 fulminant prisms
  57 fungi
  57 plants (D:11)
148 creatures vanquished.

Grand Total: 358 creatures vanquished

Notes
Turn   | Place    | Note
-------+----------+-------------------------------------------
     0 | D:1      | MacCMillion the Demigod Conjurer began the quest for the
                  | Orb.
     0 | D:1      | Reached XP level 1. HP: 14/14 MP: 5/5
   414 | D:1      | Reached skill level 4 in Conjurations
   455 | D:1      | Reached XP level 2. HP: 17/20 MP: 1/7
  1096 | D:2      | Noticed Sigmund
  1302 | D:3      | Reached XP level 3. HP: 26/26 MP: 6/8
  1786 | D:3      | Learned a level 2 spell: Searing Ray
  1790 | D:3      | Learned a level 3 spell: Call Canine Familiar
  1826 | D:3      | Reached skill level 5 in Conjurations
  1826 | D:3      | Reached XP level 4. HP: 30/33 MP: 0/9
  2730 | D:4      | Noticed a necrophage
  2743 | D:4      | Killed a necrophage
  2744 | D:4      | Reached XP level 5. HP: 29/38 MP: 2/12
  2918 | D:4      | Noticed a wyvern
  2927 | D:4      | Killed a wyvern
  2928 | D:4      | Reached skill level 6 in Conjurations
  2928 | D:4      | Reached XP level 6. HP: 20/45 MP: 3/13
  3004 | D:4      | Learned a level 4 spell: Iskenderun's Mystic Blast
  3305 | D:4      | Reached skill level 1 in Summonings
  3914 | D:5      | Entered Level 5 of the Dungeon
  4043 | D:5      | Reached XP level 7. HP: 50/50 MP: 8/16
  4215 | D:5      | Reached skill level 7 in Conjurations
  4772 | D:5      | Learned a level 4 spell: Fulminant Prism
  4853 | D:5      | Found a runed translucent door.
  5255 | D:5      | Reached XP level 8. HP: 57/57 MP: 8/17
  5259 | D:5      | Found the +7 Singing Sword {vorpal, sonic wave}
  5742 | D:6      | Reached skill level 8 in Conjurations
  6034 | D:6      | Reached skill level 5 in Summonings
  6290 | D:6      | Reached skill level 1 in Hexes
  6601 | D:6      | Found a staircase to the Ecumenical Temple.
  6786 | D:7      | Found Reru's Antique Weapon Shoppe.
  6811 | D:7      | Identified the ring "Cat Mas" {Str+6 Dex+2}
  7189 | D:7      | Noticed Menkaure
  7203 | D:7      | Killed Menkaure
  7479 | D:7      | Reached XP level 9. HP: 58/62 MP: 13/19
  8268 | D:8      | Noticed Gastronok
  8456 | D:8      | Learned a level 2 spell: Poisonous Vapours
  8492 | D:8      | Reached skill level 5 in Spellcasting
  9327 | D:8      | Killed Gastronok
  9328 | D:8      | Reached skill level 9 in Conjurations
  9728 | D:9      | Learned a level 3 spell: Summon Guardian Golem
 10274 | D:9      | Reached skill level 1 in Fighting
 10292 | D:9      | Reached XP level 10. HP: 52/73 MP: 2/22
 10932 | D:10     | Entered Level 10 of the Dungeon
 11140 | D:10     | Learned a level 4 spell: Olgreb's Toxic Radiance
 11144 | D:10     | Learned a level 3 spell: Ignite Poison
 11839 | D:10     | Reached skill level 5 in Poison Magic
 11921 | D:10     | Reached skill level 5 in Fighting
 13179 | D:11     | Reached skill level 1 in Transmutations
 13264 | D:11     | Found a staircase to the Lair.
 14061 | D:11     | Reached XP level 11. HP: 55/91 MP: 17/24
 14354 | Lair:1   | Entered Level 1 of the Lair of Beasts
 14394 | Lair:1   | Noticed a seven-headed hydra
 14459 | Lair:1   | Killed a seven-headed hydra
 14474 | Lair:1   | Slain by a cane toad

Illustrated notes

Levels and vault maps discovered:
D:1:      matt_arrival_los_fun, layout_loops_cross, chequers_garden
D:2:      layout_basic, uniq_crazy_yiuf_cottage, uniq_sigmund
D:3:      layout_basic, shapermc_ecumenical_altar_totnotflames
D:4:      layout_loops_ring, amethyst_overflow_temple_binary
D:5:      old_forge, layout_basic, grunt_temple_overflow_forces_of_nature,
          nicolae_ru_sacrificial_ziggurat, gammafunk_temple_overflow_statue,
          lightli_church_of_beogh
D:6:      layout_rooms, mainiacjoe_overflow_big_doors,
          minmay_temple_entry_fiery, minmay_misc_feat_four_crosses
D:7:      layout_layer_cave, tso_metal_star, serial_shops, shop,
          kennysheep_donut, minmay_misc_feat_tiny, uniq_menkaure
D:8:      layout_loops_ring, mainiacjoe_overflow_catwalk_spiral, uniq_gastronok
D:9:      layout_basic, serial_aquarium, aquarium_bridge_straight
          [aquarium_subvault_bridge, aquarium_subvault_balcony,
          aquarium_subvault_bridge, aquarium_subvault_balcony],
          aquarium_bridge_straight [aquarium_subvault_bridge,
          aquarium_subvault_wall, aquarium_subvault_bridge,
          aquarium_subvault_wall], aquarium_window_double, aquarium_window_fake,
          aquarium_view_2e
D:10:     layout_irregular_city, old_standard_altar
D:11:     layout_roguey, due_lair_maze_entry_diamond, hex_intersection
Lair:1:   layout_regular_city, lemuel_fruit_fields, grunt_megastairs_4

Skill      XL: |  1  2  3  4  5  6  7  8  9 10 11 |
---------------+----------------------------------+-----
Conjurations   | 4 5 6 7 8 9 |  9.0
Spellcasting   | 2 3 4 6 |  6.3
Stealth        | 2 |  2.0
Summonings     | 2 4 5 6 |  6.0
Hexes          | 2 3 |  3.0
Staves         | 3 |  3.2
Poison Magic   | 3 6 |  6.2
Fighting       | 1 6 7 |  7.0
Transmutations | 1 2 |  2.0
Dodging        | |  1.8

Action                   |  1- 3 |  4- 6 |  7- 9 | 10-12 || total
-------------------------+-------+-------+-------+-------++-------
Melee: Dagger            |    20 |    12 |       |       ||    32
       Quarterstaff      |       |       |    11 |    35 ||    46
 Cast: Magic Dart        |    86 |    37 |   106 |       ||   229
       Searing Ray       |     2 |    18 |    44 |    35 ||    99
       Call Canine Famil |       |       |     8 |       ||     8
       Fulminant Prism   |       |       |    19 |     8 ||    27
       Iskenderun's Myst |       |       |     1 |     3 ||     4
       Poisonous Vapours |       |       |    28 |     9 ||    37
       Summon Guardian G |       |       |     4 |     8 ||    12
       Olgreb's Toxic Ra |       |       |       |    30 ||    30
  Use: Scroll            |       |       |     9 |     6 ||    15
       Potion            |       |       |     1 |     5 ||     6
Armor: Robe              |     1 |     8 |    10 |     6 ||    25
       Steam dragon scal |       |       |       |    40 ||    40
Dodge: Dodged            |    22 |    16 |    25 |    74 ||   137
Block: Other             |     8 |     8 |    12 |    29 ||    57
       Reflection        |       |       |       |     2 ||     2

Table legend: (Time is in decaauts)
 A = Elapsed time spent in this place.
 B = Non-inter-level travel time spent in this place.
 C = Inter-level travel time spent in this place.
 D = Time resting spent in this place.
 E = Time spent auto-exploring this place.
 F = Levels seen in this place.
 G = Mean time per level.
                   A        B        C        D        E       F      G
               +--------+--------+--------+--------+--------+-----+--------+
         Total |  14511 |  14017 |    494 |   3006 |   8820 |  12 | 1209.2 |
       Dungeon |  14442 |  13948 |    494 |   2999 |   8800 |  11 | 1312.9 |
          Lair |     69 |     69 |      0 |      7 |     20 |   1 |   69.0 |
               +--------+--------+--------+--------+--------+-----+--------+

Top non-repeatable levels by time:
     D:5: 1873 daAuts
    D:10: 1841 daAuts
     D:8: 1735 daAuts
    D:11: 1652 daAuts
     D:4: 1501 daAuts
     D:7: 1447 daAuts
     D:1: 1184 daAuts
     D:3: 1152 daAuts
     D:9: 1102 daAuts
     D:6: 877 daAuts
     D:2: 73 daAuts
  Lair:1: 69 daAuts
